AoeStats
← Benj. Franklin

Arabia

505484300Analyzed
2v2 RM · 22d ago on Sep 9, 2026· 25m 16s· 4 players
Game mode
Random Map
Map size
Medium (4 player)
Population
200
Speed
Normal
Resources
Standard
Victory
Conquest
Starting age
Dark Age
Ending age
Imperial Age
RankedLock teamsTeams togetherTeam positionsShared explorationLock speedFull tech treeHidden civsTurbo modeCheats
Victory
Defeat
🇧🇩 Japanese · Bangladesh
930
+14
🇦🇷 Cumans · Argentina
925
+14
🇱🇹 Mongols · Lithuania
919
-41
🇱🇹 Franks · Lithuania
857
-31
Benj. Franklin
10:38 Feudal Age
11:14 Loom
15:40 Man-at-Arms
16:54 Double-Bit Axe
22:36 Man-at-Arms
Rimtega
11:00 Feudal Age
16:30 Loom
FateStroke
10:56 Feudal Age
11:02 Man-at-Arms
16:09 Scale Mail Armor
16:20 Forging
16:45 Loom
17:36 Wheelbarrow
22:19 Castle Age
23:24 Wheelbarrow
22:36 Double-Bit Axe
24:30 Long Swordsman
24:57 Arson
25:12 Squires
25:31 Chain Mail Armor
25:52 Iron Casting
Lord Wrath
6:14 Loom
9:04 Feudal Age
12:39 Fletching
13:11 Padded Archer Armor
13:04 Double-Bit Axe
17:09 Gold Mining
23:16 Castle Age
23:24 Scale Mail Armor
23:29 Crossbowman
24:09 Bodkin Arrow
24:24 Squires
24:26 Pikeman
Connection lost

Rejoining the realm…

Still unreachable

The connection could not be restored.

Session expired

The server has moved on; the page needs a fresh start.